cohdb
Replays
Latest Replays
All Replays
Popular Replays
Top Player Replays
Match Explorer
How It Works
Community
CoH3 Stats
Reddit
Sign in to upload your games and track your stats! →
Sign in with Steam
Match 40744772
Unlisted
Match 40744772
Overview
Messages
Build Orders
End
Construct Section Command Post
Selects Indian Artillery Battlegroup
Infantry Section
Infantry Section
Construct Field Infirmary
ML 3-inch Mortar Team
Selects Artillery Saturation
Vickers Machine Gun Team
Construct Platoon Command Post
ML 3-inch Mortar Team
Humber Armored Car
Selects Off-map Airburst Barrage
Off-map Airburst Barrage
Unlock Bishop Self-propelled Artillery
Bishop Self-propelled Artillery
CMP 15cwt Truck
Selects Perimeter Monitor
McGeesus
Mystia Lorelei
Skylias
ninja6398
Edeon
Nashorn101
0
0
Comments
sign in to comment!
No comments posted yet!